 Dungeon Crawl Stone Soup version 0.27.1-37-g7b29ead8ac (console) character file.

Game seed: 17414555584512759389

298 grimtooth the Gusty (level 5, -4/38 HPs)
             Began as a Demigod Air Elementalist on Mar 26, 2023.
             Slain by a gnoll (10 damage)
             ... on level 3 of the Dungeon.
             The game lasted 00:21:15 (4822 turns).

grimtooth the Gusty (Demigod Air Elementalist)      Turns: 4822, Time: 00:21:16

Health: -4/38      AC:  2    Str:  9    XL:     5   Next: 88%
Magic:  6/10       EV: 12    Int: 21    God:
Gold:   99         SH:  0    Dex: 14    Spells: 5/8 levels left

rFire    . . .     SeeInvis .   (no weapon)
rCold    . . .     Faith    .   (no shield)
rNeg     . . .     Spirit   .   a - +0 robe
rPois    .         Reflect  .   (no helmet)
rElec    .         Harm     .   (no cloak)
rCorr    .         Rampage  .   (no gloves)
Will     .....                  (no boots)
Stlth    ++........             (no amulet)
HPRegen  0.12/turn              (no ring)
MPRegen  0.12/turn              (no ring)

@: no status effects
A: high mp 1, forlorn
a: no special abilities


You were on level 3 of the Dungeon.
You visited 1 branch of the dungeon, and saw 4 of its levels.

You collected 99 gold pieces.

Inventory:

Missiles
 e - 12 sling bullets
 i - 55 stones (quivered)
Armour
 a - a +0 robe (worn)
Jewellery
 k - a ring of fire
Scrolls
 b - a scroll of blinking
 c - a scroll of vulnerability {unknown}
 f - a scroll of noise {unknown}
 g - a scroll of immolation
 l - a scroll of teleportation
Potions
 d - a potion of ambrosia {unknown}
 h - a potion of brilliance {unknown}
 j - a potion of cancellation {unknown}


   Skills:
 - Level 1.7 Dodging
 - Level 1.7 Stealth
 + Level 2.0 Spellcasting
 * Level 1.7 Conjurations
 - Level 6.0 Air Magic


You had 5 spell levels left.
You knew the following spells:

 Your Spells              Type           Power      Damage    Failure   Level
a - Shock                 Conj/Air       72%        1d7       3%          1
b - Static Discharge      Conj/Air       18%        N/A       4%          2

Your spell library contained the following spells:

 Spells                   Type           Power      Damage    Failure   Level
 Swiftness                Air            27%        N/A       3%          3
 Airstrike                Air            13%        N/A       12%         4
 Leda's Liquefaction      Hex/Erth       1%         N/A       82%         4
 Bolt of Magma            Conj/Fire/Erth 2%         4d4       97%         5
 Statue Form              Tmut/Erth      1%         N/A       100%        6


Dungeon Overview and Level Annotations

Branches:
Dungeon (4/15)
 Temple: D:4-7

Shops:
D:1 (

Annotations:
D:3 1 runed translucent door, Crazy Yiuf


Innate Abilities, Weirdness & Mutations

Your attributes grow dramatically as you level up.
You have an increased reservoir of magic. (+10% MP)
You shall have no god before yourself.


Message History

You start resting.
Magic restored.
HP restored.
Found a scroll of teleportation.
l - a scroll of teleportation
Things that are here:
a +0 ring mail; a +0 morningstar Could not explore, unopened runed door.
There is a stone staircase leading down here.
Search for what [Enter for "."]? .
You climb downwards.
The gnoll shouts! x3; The gnoll shaman shouts!
The gnoll shouts! x2
Found a scroll of blinking.
There is a stone staircase leading up here.
The gnoll hits you with a +0 spear. The gnoll shaman closely misses you.
You climb upwards.
Level annotation: 1 runed translucent door, Crazy Yiuf
There is a stone staircase leading down here.
Casting: Static Discharge (safe; 4% risk of failure)
Confirm with . or Enter, or press ? or * to list all spells.
The gnoll shaman is struck by an arc of lightning.
The gnoll shaman is moderately wounded.
You are struck by an arc of lightning.
The lightning grounds out.
The gnoll hits you with a +0 spear! The gnoll shaman barely misses you.
Unknown command.
Casting: Static Discharge (safe; 4% risk of failure)
Confirm with . or Enter, or press ? or * to list all spells.
The gnoll is struck by an arc of lightning.
The gnoll is heavily wounded.
The lightning grounds out.
The gnoll hits you with a +0 spear.
The gnoll shaman hits you with a +0 whip of electrocution.
You are electrocuted!
* * * LOW HITPOINT WARNING * * *
Press: ? - help, v - describe, . - travel
Here: a gnoll shaman, wielding a +0 whip of electrocution and wearing a +0 robe (moderately wounded)
The floor.
Press: ? - help, v - describe, . - travel A stone staircase leading down, spattered with blood.
The gnoll hits you from afar with a +0 spear!
You die...

#.≈###≈≈≈≈###≈.####.#.## ##
#.#...#≈≈#...#.##...##.# #.
#.#.⌠.#..#.⌠.#.....#.#.###.
####
#.#...#..#...#.##).#.##.#.#
...##
#..###....###..##.#####...#
....###............).##.#
##'##
...................####.#
#...# .....####.........##
##.# #.§§#
......###.........# #..#
#.≈.#
..................####.##
#.≈.#
...##.###.....g>@.##...####
#.≈.#
####...##.#..#g###........#
#...# #
##.[####....###........#
#...# # #....#
#..#............# ##'## #
♣....♣ ##...#......#####
#...# # ♣♣...♣
#............######.#.# #
♣♣.♣♣
#.............#..#.###. #
♣♣.♣
#.....>..####[#.##.#.#. #
♣.♣♣ #........# #.#h#.##.##
# ♣♣.♣ #....##..#
#..##.#..## # ♣.♣♣
##......## ####.##..##


You could see a gnoll shaman and a gnoll.

Vanquished Creatures
  A gnoll shaman (D:2)
  An iguana (D:3)
  An orc wizard (D:3)
  Natasha (thrice) (D:3)
  4 gnolls (D:3)
  4 adders
  3 dart slugs
  3 orcs (D:3)
  4 ball pythons
  5 bats
  5 endoplasms
  A giant cockroach (D:1)
  2 goblins
  9 hobgoblins
  3 jackals (D:3)
  3 quokkas
  2 frilled lizards (D:2)
  5 kobolds
  6 rats
65 creatures vanquished.

Vanquished Creatures (others)
  A plant (D:3)
1 creature vanquished.

Grand Total: 66 creatures vanquished

Notes
Turn   | Place    | Note
-------+----------+-------------------------------------------
     0 | D:1      | grimtooth the Demigod Air Elementalist began the quest for
                  | the Orb.
     0 | D:1      | Reached XP level 1. HP: 14/14 MP: 5/5
   151 | D:1      | Reached skill level 3 in Air Magic
   194 | D:1      | Found Ejihif's Antique Weapon Emporium.
   486 | D:1      | Reached XP level 2. HP: 16/20 MP: 2/7
  1227 | D:2      | Reached skill level 4 in Air Magic
  1227 | D:2      | Reached XP level 3. HP: 24/26 MP: 1/8
  1662 | D:2      | Learned a level 2 spell: Static Discharge
  2305 | D:3      | Reached XP level 4. HP: 19/33 MP: 3/9
  2634 | D:3      | Reached skill level 5 in Air Magic
  3257 | D:2      | Reached XP level 5. HP: 14/38 MP: 0/10
  3774 | D:3      | Noticed Natasha
  3776 | D:3      | Killed Natasha
  3934 | D:3      | Noticed Natasha
  4218 | D:3      | Reached skill level 6 in Air Magic
  4218 | D:3      | Reached skill level 1 in Conjurations
  4258 | D:3      | Found a runed translucent door.
  4259 | D:3      | Noticed Crazy Yiuf
  4509 | D:3      | Killed Natasha
  4683 | D:3      | Noticed Natasha
  4688 | D:3      | Killed Natasha
  4822 | D:3      | Slain by a gnoll

Illustrated notes

Levels and vault maps discovered:
D:1:      heliophobic_arrival_ceremonial_halls, layout_rooms, serial_shops,
          nicolae_shop_overgrown_old_shop, hellmonk_ecumenical_altar_blasted
D:2:      layout_loops_ring
D:3:      layout_rooms, amcnicky_mini_pool_small,
          hangedman_abyss_or_decor_stabs, hangedman_decor_peaks_small,
          fountainhead, serial_bayou_pond_a, grunt_decor_clamped,
          uniq_crazy_yiuf_cottage, uniq_natasha
D:4:      layout_loops_ring, hangedman_decor_opposing

Skill      XL: |  1  2  3  4  5 |
---------------+----------------+-----
Air Magic      | 3 4 5 6 |  6.0
Conjurations   | 1 |  1.7
Spellcasting   | 2 |  2.0
Dodging        | |  1.7
Stealth        | |  1.7

Action                   |  1- 3 |  4- 6 || total
-------------------------+-------+-------++-------
Melee: Unarmed           |     1 |     6 ||     7
Throw: Stone             |     2 |     5 ||     7
 Cast: Shock             |    77 |    68 ||   145
       Static Discharge  |     1 |    19 ||    20
  Use: Scroll            |       |     2 ||     2
Armor: Robe              |     9 |     5 ||    14
Dodge: Dodged            |    27 |    19 ||    46
